 Dungeon Crawl Stone Soup version 0.17-a0-1769-g54adf96 (webtiles) character file.

298 Magnus the Insei (level 6, -5/46 HPs)
             Began as a Demonspawn Transmuter on Sept 7, 2015.
             Slain by a phantom (10 damage)
             ... on level 4 of the Dungeon.
             The game lasted 00:16:23 (5645 turns).

Magnus the Insei (Demonspawn Transmuter)            Turns: 5645, Time: 00:16:23

Health: -5/46      AC:  6    Str: 11    XL:     6   Next: 13%
Magic:  6/9        EV: 12    Int: 14    God:
Gold:   136        SH:  0    Dex: 15    Spells: 3 memorised, 3 levels left

rFire  . . .     SeeInvis .       - Unarmed
rCold  . . .     Clarity  .     b - +0 robe
rNeg   . . .     SustAt   .     (no shield)
rPois  .         Gourm    .     (no helmet)
rElec  .         Spirit   .     r - +0 cloak
rCorr  .         Warding  .     (no gloves)
rMut   .         Stasis   .     (no boots)
MR     .....                    (no amulet)
Stlth  +.........               (no ring)
                                (no ring)

@: not resistant to hostile enchantments, very unstealthy
A: icy blue scales 2
a: no special abilities


You were on level 4 of the Dungeon.
You were not hungry.

You visited 1 branch of the dungeon, and saw 4 of its levels.

You collected 136 gold pieces.

Inventory:

Missiles
 a - 37 arrows
 l - 5 tomahawks (quivered)
 u - 2 throwing nets
Armour
 b - a +0 robe (worn)
 r - a +0 cloak (worn)
Scrolls
 e - 2 scrolls of enchant weapon {unknown}
 g - a scroll of immolation {unknown}
 h - 3 scrolls of remove curse {unknown}
 k - a scroll of enchant armour {unknown}
 o - a scroll of amnesia {unknown}
 p - 4 scrolls of teleportation {unknown}
 q - 2 scrolls of identify {unknown}
 x - a scroll of random uselessness {unknown}
Potions
 i - 3 potions of curing {unknown}
 j - a potion of cancellation {unknown}
 m - a potion of haste {unknown}
 n - a potion of brilliance {unknown}
 s - a potion of heal wounds {unknown}
 t - a potion of agility {unknown}
 w - a potion of lignification {unknown}
Books
 c - a book of Changes

   Spells                             Type                      Level
   a - Beastly Appendage              Transmutation                1
   b - Sticks to Snakes               Transmutation                2
   c - Spider Form                    Transmutation/Poison         3
   d - Ice Form                       Ice/Transmutation            4
   e - Blade Hands                    Transmutation                5
Comestibles
 d - 2 bread rations
 f - a royal jelly


   Skills:
 + Level 2.9 Fighting
 + Level 3.1 Dodging
 + Level 4.0 Unarmed Combat
 - Level 2.0 Spellcasting
 + Level 3.3 Transmutations


You had 3 spell levels left.
You knew the following spells:

 Your Spells              Type           Power        Failure   Level  Hunger
a - Beastly Appendage     Trmt           ##....       10%         1    ##.....
b - Spider Form           Trmt/Pois      #.........   38%         3    ####...
c - Sticks to Snakes      Trmt           ##........   12%         2    ###....


Dungeon Overview and Level Annotations

Branches:
Dungeon (4/15)
 Temple: D:4-7

Altars:
Cheibriados

Shops:
D:4 !

Annotations:
D:4 Gargoyl's ghost, average DsAK


Innate Abilities, Weirdness & Mutations

You are mostly covered in icy blue scales (AC +3, EV -1).


Message History

Casting: Beastly Appendage
Confirm with . or Enter, or press ? or * to list all spells.
You create a snake!
The phantom blinks!
Your ball python bites the phantom but does no damage.
The phantom blinks!
You swap places.
The phantom hits your ball python.
Your ball python dies!
Casting: Sticks to Snakes
Confirm with . or Enter, or press ? or * to list all spells.
You create a snake!
You hit the phantom.
The phantom is severely damaged.
The phantom hits you.
* * * LOW HITPOINT WARNING * * *
Your ball python bites the phantom but does no damage.
You hit the phantom.
The phantom is almost destroyed.
The phantom hits you!
You die...

..#.W.# #.#####.#.###
.S##o## #....##.#.# ..##.#
####.##.#.## .o##o#
#########.#.....##
..##.###
#...............[.
o.##...#
#.#######.#.....#.
..####.# #.# #.W..o....
...# #.# #.# #.###...#.
.%.# #.# #######@#######.#
##.##. #..# #.#
......SW......#.# #.###
#..# #.# #######.#####.#.#
#.... #..###.## ##...#
#.#o# #####
#.......#####.∩#######.#.#
#
#.####?...))...........W.#
#
.......#######.#######...#
# #......)..# #.# ##### #
#########.# #.# ###
#######


You could see a phantom and a friendly ball python.

Vanquished Creatures
  An iguana (D:4)
  An orc wizard (D:4)
  2 worker ants
  7 gnolls
  2 adders
  An ooze (D:1)
  An adder skeleton (D:4)
  6 worms
  6 orcs (D:4)
  A ball python (D:1)
  16 bats
  7 giant cockroaches
  9 hobgoblins
  3 jackals (D:1)
  5 kobolds
  2 quokkas (D:3)
  5 giant geckos
  2 giant newts (D:3)
  10 goblins
  9 rats
96 creatures vanquished.

Notes
Turn   | Place    | Note
--------------------------------------------------------------
     0 | D:1      | Magnus the Demonspawn Transmuter began the quest for the Orb.
     0 | D:1      | Reached XP level 1. HP: 15/15 MP: 3/3
   294 | D:1      | Gained mutation: You are partially covered in icy blue scales (AC +1). [demonic ancestry]
   294 | D:1      | Reached XP level 2. HP: 14/21 MP: 5/5
   442 | D:1      | Reached skill level 3 in Unarmed Combat
   795 | D:1      | Reached XP level 3. HP: 12/26 MP: 6/6
   964 | D:1      | Learned a level 3 spell: Spider Form
  1535 | D:2      | Found a snail-covered altar of Cheibriados.
  2141 | D:2      | Gained mutation: You are mostly covered in icy blue scales (AC +3, EV -1). [demonic ancestry]
  2141 | D:2      | Reached XP level 4. HP: 23/33 MP: 5/7
  3393 | D:3      | Reached XP level 5. HP: 28/38 MP: 8/8
  4218 | D:4      | HP: 1/39 [iguana (4)]
  4553 | D:4      | Noticed an ogre
  4866 | D:4      | Learned a level 2 spell: Sticks to Snakes
  5042 | D:4      | Reached XP level 6. HP: 33/46 MP: 7/9
  5101 | D:4      | Noticed Gargoyl's ghost (average DsAK)
  5139 | D:4      | Noticed a phantom
  5150 | D:4      | Found Uruuzer's Distillery.
  5533 | D:4      | Reached skill level 4 in Unarmed Combat
  5645 | D:4      | Slain by a phantom

Vault maps used:
D:1:      dpeg_arrival_rooms_a, minmay_fountain_box
D:2:      cheibriados_altar_1
D:3:      minmay_misc_feat_chi, minmay_misc_feat_secret_circle
D:4:      serial_shops, shop

Action                   |  1- 3 |  4- 6 || total
-------------------------+-------+-------++-------
Melee: Unarmed           |   176 |   279 ||   455
 Cast: Beastly Appendage |    15 |    22 ||    37
       Sticks to Snakes  |       |     6 ||     6
 Stab: Sleeping          |     1 |     2 ||     3
  Eat: Chunk             |     3 |     8 ||    11
       Fruit             |       |     2 ||     2
       Pizza             |       |     1 ||     1
       Royal jelly       |       |     1 ||     1
